Map: Orbital Shipyard

Players

lIlIlIlIlIlI

  • Race: Protoss Protoss
  • League: Grandmaster

Miszu - Winner!

  • Race: Terran Terran
  • League: Grandmaster

VOD

Have the link to the VOD?

Description

Time

  • Played on: Feb. 13, 2016, 5:32 p.m.
  • Length: 10:59
Show
View Real Time Build Order
Export as new Build Order

lIlIlIlIlIlI Protoss 

Build Orders: 1 Gate Expand, Oracle Opening 

Get SALT Encoding   

  12  0:01  Probe (Chrono Boost)  
  13  0:11  Probe (Chrono Boost)  
  14  0:18  Pylon  
  14  0:22  Probe (Chrono Boost)  
  15  0:36  Gateway, Probe (Chrono Boost)  
  16  0:46  Probe (Chrono Boost)  
  17  0:57  Probe (Chrono Boost)  
  17  0:58  Assimilator  
  18  1:08  Probe (Chrono Boost)  
  19  1:18  Nexus  
  19  1:20  Probe (Chrono Boost)  
  20  1:29  Cybernetics Core  
  21  1:33  Probe (Chrono Boost)  
  21  1:39  Assimilator  
  21  1:43  Probe (Chrono Boost)  
  22  1:49  Pylon  
  23  1:54  Probe (Chrono Boost)  
  23  2:06  Warp Gate  
  23  2:07  Adept (Chrono Boost), Probe (Chrono Boost)  
  26  2:19  Probe  
  27  2:29  Probe  
  27  2:31  Stargate, Probe  
  27  2:36  Adept (Chrono Boost)  
  31  2:39  Probe  
  31  2:43  Probe  
  33  2:50  Probe (Chrono Boost)  
  33  2:55  Probe (Chrono Boost)  
  35  3:00  Adept  
  35  3:02  Probe (Chrono Boost)  
  38  3:05  Pylon  
  38  3:07  Probe (Chrono Boost)  
  38  3:11  Probe (Chrono Boost)  
  39  3:14  Oracle (Chrono Boost)  
  39  3:17  Probe  
  44  3:21  Probe  
  45  3:29  Probe  
  45  3:32  Nexus, Probe  
  47  3:35  Sentry  
  49  3:41  Pylon, Probe (Chrono Boost)  
  49  3:44  Probe (Chrono Boost)  
  51  3:51  Gateway  
  51  3:53  Gateway  
  51  3:54  Probe (Chrono Boost)  
  52  3:57  Probe (Chrono Boost)  
  52  4:01  Robotics Facility  
  53  4:05  Probe (Chrono Boost)  
  53  4:07  Probe (Chrono Boost)  
  55  4:11  Pylon  
  55  4:15  Probe (Chrono Boost)  
  56  4:18  Probe (Chrono Boost)  
  57  4:26  Probe (Chrono Boost)  
  57  4:28  Assimilator, Probe (Chrono Boost)  
  57  4:29  Assimilator  
  59  4:31  Sentry  
  59  4:36  Probe (Chrono Boost)  
  59  4:37  Twilight Council  
  62  4:39  Probe (Chrono Boost)  
  64  4:45  Probe (Chrono Boost)  
  64  4:47  Mothership Core (Chrono Boost)  
  64  4:49  Probe (Chrono Boost)  
  67  4:56  Observer, Pylon, Probe (Chrono Boost)  
  70  5:00  Probe (Chrono Boost)  
  70  5:04  Gateway  
  70  5:06  Gateway, Probe x2 (Chrono Boost)  
  72  5:08  Gateway  
  72  5:09  Probe (Chrono Boost)  
  72  5:10  Blink (Chrono Boost)  
  73  5:15  Probe  
  73  5:16  Probe  
  73  5:18  Observer  
  73  5:19  Probe  
  77  5:26  Probe  
  78  5:28  Probe  
  79  5:36  Stalker x3  
  79  5:41  Immortal  
  79  5:42  Forge  
  89  5:43  Forge  
  89  5:45  Pylon  
  89  5:49  Pylon  
  89  5:51  Pylon  
  89  5:53  Probe  
  89  5:55  Assimilator, Pylon, Probe  
  91  6:03  Stalker  
  93  6:04  Stalker x2  
  93  6:05  Zealot x2  
  101  6:15  Stalker  
  99  6:20  Protoss Ground Armor Level 1 (Chrono Boost), Protoss Ground Weapons Level 1 (Chrono Boost), Probe  
  99  6:21  Probe  
  99  6:23  Probe  
  102  6:27  Immortal  
  102  6:32  Probe  
  107  6:33  Probe  
  107  6:34  Assimilator  
  107  6:35  Probe  
  107  6:39  Gateway  
  109  6:40  Gateway, Stalker  
  109  6:41  Stalker x2  
  115  6:50  Charge, Stalker  
  117  6:55  Pylon  
  117  6:56  Pylon x2  
  117  7:04  Photon Cannon  
  117  7:14  Observer, Pylon  
  118  7:19  Robotics Bay  
  118  7:21  Stalker  
  118  7:22  Stalker  
  122  7:25  Zealot x3  
  122  7:26  Zealot  
  130  7:31  Photon Cannon  
  130  7:38  Observer  
  131  7:45  Nexus  
  131  7:48  Pylon  
  131  7:49  Pylon  
  131  7:51  Stalker x3  
  131  7:52  Stalker x3  
  131  7:55  Pylon  
  143  8:04  Observer  
  143  8:05  Protoss Ground Weapons Level 2 (Chrono Boost)  
  144  8:17  Protoss Ground Armor Level 2 (Chrono Boost)  
  144  8:20  Zealot x5  
  144  8:21  Zealot x3  
  144  8:22  Extended Thermal Lance  
  144  8:24  Assimilator  
  160  8:29  Assimilator  
  160  8:32  Colossus (Chrono Boost)  
  160  8:33  Pylon  
  166  8:42  Zealot x2  
  170  8:58  Pylon  
  170  8:59  Pylon  
  170  9:03  Pylon  
  170  9:05  Templar Archives, Zealot x7  
  180  9:34  Stargate  
  180  9:35  Fleet Beacon  
  180  9:36  Colossus (Chrono Boost)  
  180  9:38  Phoenix  
  188  9:45  High Templar  
  190  9:52  High Templar  
  111  10:21  High Templar x4  
  89  10:22  Zealot x3  
  89  10:25  Archon  
  89  10:26  Archon  
Show
View Real Time Build Order
Export as new Build Order

Miszu Terran - Winner!

Build Orders: Command Center First (CC), MMM Bio 

Get SALT Encoding   

  12  0:00  SCV  
  13  0:13  SCV  
  14  0:17  Supply Depot  
  14  0:25  SCV  
  15  0:39  SCV  
  16  0:51  SCV  
  17  1:00  Command Center  
  17  1:04  SCV  
  18  1:12  Barracks  
  18  1:16  SCV  
  19  1:28  SCV  
  20  1:40  Barracks, SCV  
  20  1:44  Barracks  
  21  1:59  Marine, Orbital Command  
  22  2:11  Orbital Command  
  22  2:17  Marine  
  23  2:24  SCV  
  23  2:27  Marine  
  25  2:32  Refinery, Marine  
  25  2:33  Refinery  
  25  2:35  Marine  
  28  2:37  SCV x2  
  29  2:47  Supply Depot, Marine  
  29  2:49  SCV  
  29  2:50  Marine, SCV  
  33  2:54  Supply Depot  
  33  2:59  Marine  
  33  3:01  SCV  
  33  3:03  SCV  
  33  3:04  Marine  
  37  3:08  Barracks Tech Lab  
  37  3:13  SCV  
  37  3:15  SCV  
  37  3:17  Marine  
  40  3:23  Supply Depot  
  40  3:25  SCV  
  40  3:26  Factory  
  41  3:27  Marine x2, SCV  
  44  3:35  Refinery  
  45  3:42  Stimpack  
  44  3:52  Supply Depot, Marine  
  44  3:53  Marine, Marauder  
  44  3:54  SCV  
  44  3:55  Engineering Bay, SCV  
  50  4:02  Supply Depot  
  50  4:06  SCV  
  50  4:07  SCV  
  52  4:10  Marine  
  52  4:15  Starport, Marine  
  52  4:16  Factory Reactor  
  54  4:18  SCV  
  53  4:26  SCV  
  53  4:30  Marine, SCV  
  56  4:32  Missile Turret  
  56  4:33  Missile Turret  
  56  4:34  Marine x2  
  59  4:38  SCV  
  59  4:42  SCV  
  59  4:43  Supply Depot  
  59  4:45  Terran Infantry Weapons Level 1  
  60  4:50  SCV  
  61  4:54  SCV  
  62  5:00  Supply Depot  
  62  5:01  Medivac  
  62  5:02  Medivac, SCV  
  62  5:03  Marine x2, Marauder  
  62  5:06  SCV  
  72  5:09  Supply Depot  
  72  5:12  Supply Depot  
  72  5:16  SCV  
  73  5:31  Marauder  
  76  5:40  Barracks Reactor, Barracks Tech Lab  
  76  5:41  SCV  
  76  5:42  SCV  
  77  5:44  Refinery  
  77  5:48  Command Center  
  77  5:50  Missile Turret  
  77  5:53  Marine, SCV  
  77  5:54  SCV  
  77  5:56  Barracks  
  80  5:57  Barracks  
  79  6:05  SCV  
  78  6:11  Marine  
  77  6:19  Medivac x2  
  77  6:21  SCV  
  77  6:22  SCV  
  83  6:26  Fusion Core  
  83  6:27  Starport  
  83  6:29  Supply Depot, Marine  
  83  6:30  Supply Depot  
  83  6:32  Liberator x2  
  84  6:33  SCV  
  84  6:34  SCV  
  86  6:45  Marauder, SCV  
  86  6:46  Barracks Reactor, SCV  
  90  6:47  Barracks Reactor, Marauder  
  90  6:53  Refinery  
  98  6:57  SCV  
  98  6:58  SCV  
  100  7:01  Refinery  
  100  7:02  Orbital Command  
  100  7:07  Marauder  
  102  7:09  SCV  
  102  7:11  SCV  
  102  7:13  Starport Tech Lab  
  104  7:16  Liberator  
  104  7:17  Marauder, Combat Shields, Concussive Shells  
  104  7:21  SCV  
  107  7:23  SCV  
  107  7:28  Marauder  
  110  7:33  SCV  
  110  7:35  SCV, Liberator  
  110  7:36  Advanced Ballistics  
  115  7:37  Marine x5  
  115  7:38  Marine  
  115  7:43  Supply Depot  
  121  7:45  Supply Depot, SCV  
  121  7:47  Supply Depot  
  122  7:52  Terran Infantry Armor Level 1  
  122  7:53  Marine x2  
  122  7:55  Marine  
  128  8:01  Liberator x2  
  124  8:18  Liberator  
  130  8:23  Marine, Marauder x2  
  130  8:24  Marine  
  130  8:25  Marine x4  
  140  8:28  Supply Depot  
  140  8:30  Supply Depot  
  140  8:31  Supply Depot  
  140  8:40  Marine  
  144  8:44  Marauder, Liberator x2  
  146  8:54  Marauder  
  148  8:57  Supply Depot, Barracks  
  148  8:58  Barracks  
  148  8:59  Barracks  
  148  9:00  Supply Depot  
  148  9:01  Liberator  
  154  9:08  Marine, Marauder  
  154  9:09  Marine  
  158  9:15  Marine  
  159  9:26  Marauder  
  159  9:27  Liberator x2  
  159  9:28  Marine x3  
  159  9:30  Marauder  
  165  9:43  Liberator  
  171  9:48  Marine x2, Barracks Tech Lab x2, Marauder  
  175  9:55  Barracks Reactor  
  175  9:56  Engineering Bay  
  175  9:57  Armory  
  164  10:12  Marine, Marauder  
  164  10:13  Marine x8  
  152  10:19  SCV  
  149  10:30  Marine  
  149  10:31  Marauder  
Tags
 
Add a new tag
Caveats
  • Supply blocks, unpowered buildings, or Contaminate may cause inaccurate times.
  • Supply counts are checked every 10 seconds.